 Dungeon Crawl Stone Soup version 0.22.0-75-g3901e7991e (webtiles) character file.

311 GsBirdie the Skirmisher (level 6, 0/57 HPs)
             Began as a Minotaur Berserker on Sept 13, 2018.
             Was a Believer of Trog.
             Slain by JedernureinKreuz's ghost (6 damage)
             ... on level 4 of the Dungeon.
             The game lasted 00:10:28 (3635 turns).

GsBirdie the Skirmisher (Minotaur Berserker)        Turns: 3635, Time: 00:10:29

Health: 0/57       AC: 18    Str: 23    XL:     6   Next: 18%
Magic:  5/5        EV:  9    Int:  4    God:    Trog [**....]
Gold:   176        SH:  0    Dex: 12    Spells: 5/5 levels left

rFire    . . .     SeeInvis .   n - +0 war axe
rCold    x . .     Gourm    .   (no shield)
rNeg     + + .     Faith    .   y - +6 chain mail of the Evening Star {rElec rC- rN++ Str+2}
rPois    .         Spirit   .   (helmet restricted)
rElec    +         Reflect  .   (no cloak)
rCorr    .         Harm     .   t - +0 pair of gloves
MR       .....                  b - +0 pair of boots
Stlth    ..........             (no amulet)
HPRegen  0.19/turn              (no ring)
MPRegen  0.09/turn              (no ring)

@: confused, berserk cooldown, slowed, very slow
A: retaliatory headbutt, horns 2
a: Berserk, Trog's Hand, Renounce Religion


You were on level 4 of the Dungeon.
You worshipped Trog.
Trog was pleased with you.
You were near starving.

You visited 1 branch of the dungeon, and saw 4 of its levels.

You collected 176 gold pieces.

Inventory:

Hand Weapons
 n - a +0 war axe (weapon)
Armour
 b - a +0 pair of boots (worn)
 s - a cursed +0 plate armour
 t - a +0 pair of gloves (worn)
 y - the +6 chain mail of the Evening Star (worn) {rElec rC- rN++ Str+2}
   (You found it on level 4 of the Dungeon)

   It affects your strength (+2).
   It makes you vulnerable to cold.
   It insulates you from electricity.
   It greatly protects you from negative energy.
Jewellery
 d - a +2 ring of protection {unknown}
Scrolls
 a - 3 scrolls of teleportation {unknown}
 e - a scroll of fear {unknown}
 h - 2 scrolls of fog {unknown}
 l - 3 scrolls of remove curse {unknown}
 p - a scroll of random uselessness {unknown}
 u - 2 scrolls of identify {unknown}
 v - a scroll of amnesia {unknown}
 z - a scroll of enchant weapon {unknown}
Potions
 f - 3 potions of invisibility {unknown}
 g - a potion of curing {unknown}
 i - 3 potions of magic {unknown}
 j - 2 potions of agility {unknown}
 k - a potion of resistance {unknown}
 o - 2 potions of heal wounds {unknown}
 q - 2 potions of haste {unknown}
 r - a potion of degeneration {unknown}
 w - a potion of flight {unknown}
 x - a potion of lignification {unknown}
 A - a potion of mutation {unknown}
Comestibles
 c - 7 rations


   Skills:
 + Level 6.2 Fighting
 - Level 4.4 Axes
 * Level 4.8 Armour
 - Level 2.5 Dodging
 + Level 1.3 Stealth


You had 5 spell levels left.
You didn't know any spells.
Your spell library was empty.

Dungeon Overview and Level Annotations

Branches:
Dungeon (4/15)
 Temple: D:4-7

Altars:
Elyvilon
Fedhas
Hepliaklqana
Kikubaaqudgha
Makhleb
Nemelex Xobeh
Okawaru
Trog
Vehumet
Xom
Zin

Shops:
D:4 :

Annotations:
D:4 JedernureinKreuz's ghost, amateur GnCj


Innate Abilities, Weirdness & Mutations

You reflexively headbutt those who attack you in melee.
You have a pair of horns on your head.


Message History

* * * LOW HITPOINT WARNING * * *
The orb of energy explodes!
You slash JedernureinKreuz's ghost!
JedernureinKreuz's ghost is moderately damaged.
JedernureinKreuz's ghost points at you and mumbles some strange words.
The spray of energy hits you!
* * * LOW HITPOINT WARNING * * *
You are confused.
JedernureinKreuz's ghost points at you and mumbles some strange words.
The spray of energy hits you!
* * * LOW HITPOINT WARNING * * *
Unknown command.
Unknown command.
Unknown command.
JedernureinKreuz's ghost hits you but does no damage.
JedernureinKreuz's ghost barely misses you.
You bump into the translucent stone wall.
JedernureinKreuz's ghost completely misses you.
JedernureinKreuz's ghost hits you.
You die...

####PP.....P.# #........
####....._P# #........
#(....##P..# ###......
#.#...###### ### #......
#.##### #.# ####.≈## #......
#.# #.# #.#..#.# #####(# #.#
#.# ##.#≈⌠..## #.# #.#
#.###..'≈../≈# #####.# #.#
#....@W'.#..## #.....# #.#
####.#.#.≈..≈# #.##### #.#
#.#.#.≈.### #.# # #.#
#.###.##≈####.# # #.# #.# ##
##...# # #.# #.# #.#.# # #.#
#.# ##.### # #.# ##.#####
##...######
#.##########......###.....##...


You could see JedernureinKreuz's ghost.

Vanquished Creatures
  An ogre (D:4)
  A hound (D:2)
  An iguana (D:4)
  A worker ant (D:4)
  3 adders
  4 gnolls (D:4)
  An adder skeleton (D:4)
  A worm (D:4)
  2 dart slugs
  3 leopard geckos
  2 orcs (D:3)
  A ball python (D:4)
  9 giant cockroaches
  4 goblins
  6 hobgoblins
  11 jackals
  4 kobolds
  2 quokkas
  3 bats
  4 frilled lizards
  5 rats
69 creatures vanquished.

Notes
Turn   | Place    | Note
-------+----------+-------------------------------------------
     0 | D:1      | GsBirdie the Minotaur Berserker began the quest for the
                  | Orb.
     0 | D:1      | Reached XP level 1. HP: 19/19 MP: 0/0
    81 | D:1      | Reached skill level 4 in Fighting
    81 | D:1      | Reached XP level 2. HP: 24/27 MP: 1/1
  1164 | D:2      | Reached XP level 3. HP: 33/34 MP: 2/2
  1282 | D:2      | Found a shimmering altar of Xom.
  1283 | D:2      | Found a burning altar of Makhleb.
  1668 | D:3      | Reached ** piety under Trog
  1694 | D:3      | Reached XP level 4. HP: 41/41 MP: 3/3
  1881 | D:3      | Reached skill level 5 in Fighting
  2599 | D:4      | Reached XP level 5. HP: 37/48 MP: 4/4
  2604 | D:4      | Got a polished chain mail
  2615 | D:4      | Identified the +6 chain mail of the Evening Star {rElec rC-
                  | rN++ Str+2} (You found it on level 4 of the Dungeon)
  2675 | D:4      | Found an ancient bone altar of Kikubaaqudgha.
  2675 | D:4      | Found a blossoming altar of Fedhas.
  2713 | D:4      | Found a hazy altar of Hepliaklqana.
  2748 | D:4      | Reached skill level 1 in Stealth
  2778 | D:4      | Found a sparkling altar of Nemelex Xobeh.
  2779 | D:4      | Noticed an ogre
  2781 | D:4      | Found a glowing silver altar of Zin.
  2781 | D:4      | Found a white marble altar of Elyvilon.
  2787 | D:4      | Killed an ogre
  2787 | D:4      | Reached skill level 6 in Fighting
  2901 | D:4      | Reached XP level 6. HP: 56/57 MP: 5/5
  2954 | D:4      | Found Uxziff's Book Shoppe.
  3134 | D:4      | Found a radiant altar of Vehumet.
  3214 | D:4      | Found a bloodstained altar of Trog.
  3214 | D:4      | Found an iron altar of Okawaru.
  3327 | D:4      | Found a large runed door.
  3327 | D:4      | Found a large runed door.
  3330 | D:4      | Noticed JedernureinKreuz's ghost (amateur GnCj)
  3635 | D:4      | Slain by JedernureinKreuz's ghost

Skill      XL: |  1  2  3  4  5 |
---------------+----------------+-----
Fighting       | 4 5 6 |  6.2
Axes           | 4 |  4.4
Armour         | 3 4 |  4.8
Stealth        | 1 |  1.3
Dodging        | |  2.5

Action                   |  1- 3 |  4- 6 || total
-------------------------+-------+-------++-------
Melee: Hand axe          |    42 |       ||    42
       Headbutt          |     9 |    16 ||    25
       War axe           |    21 |   106 ||   127
Invok: Berserk           |       |     2 ||     2
  Eat: Chunk             |     2 |     7 ||     9
Armor: Animal skin       |     6 |       ||     6
       Leather armour    |    10 |    14 ||    24
       Chain mail        |       |    42 ||    42
Dodge: Dodged            |    32 |    64 ||    96
